 Dungeon Crawl Stone Soup version 0.23.0-3-gf3c87f2 (webtiles) character file.

Game seed: 1155710785329550532

1094 wolfsongas the Ruffian (level 8, 66/79 HPs)
             Began as a Troll Fighter on Feb 22, 2019.
             Was an Initiate of Wu Jian.
             Starved to death
             ... on level 7 of the Dungeon.
             The game lasted 00:10:31 (4917 turns).

wolfsongas the Ruffian (Troll Fighter)              Turns: 4917, Time: 00:10:31

Health: 66/79      AC:  7    Str: 27    XL:     8   Next: 10%
Magic:  7/7        EV:  8    Int:  9    God:    Wu Jian [......]
Gold:   311        SH: 11    Dex:  9    Spells: 7/7 levels left

rFire    + . .     SeeInvis .     - Unarmed
rCold    + . .     Gourm    +   b - +2 shield
rNeg     . . .     Faith    .   a - +0 robe
rPois    +         Spirit   .   (helmet restricted)
rElec    +         Reflect  .   c - +0 cloak
rCorr    +         Harm     .   (gloves unavailable)
MR       .....                  (boots unavailable)
Stlth    ++........             (no amulet)
HPRegen  1.03/turn              (no ring)
MPRegen  0.10/turn              (no ring)

@: brilliant, resistant (expiring), flying (expiring), fainting
A: large, unfitting armour, claws 3, horns 1, fast metabolism 3, gourmand,
regeneration 2, shaggy fur 1, tough skin 3
a: Renounce Religion


You were on level 7 of the Dungeon.
You worshipped Wu Jian.
Wu Jian was noncommittal.
You were fainting.

You visited 1 branch of the dungeon, and saw 7 of its levels.
You also visited: Ossuary.

You collected 311 gold pieces.

Inventory:

Hand Weapons
 i - a +0 giant club
Armour
 a - a +0 robe (worn)
 b - a +2 shield (worn)
 c - a +0 cloak (worn)
 e - a +1 pair of gloves
Wands
 f - a wand of disintegration (5)
 j - a wand of random effects (19)
 p - a wand of enslavement (4)
Scrolls
 m - a scroll of amnesia
 q - 2 scrolls of teleportation
Potions
 d - a potion of mutation
 g - 6 potions of curing
 h - a potion of haste
 k - 6 potions of heal wounds
 l - 3 potions of ambrosia
 n - a potion of magic
 o - a potion of lignification


   Skills:
 * Level 4.7 Fighting
 - Level 2.4 Dodging
 + Level 1.5 Stealth
 - Level 2.4 Shields
 + Level 7.8 Unarmed Combat


You had 7 spell levels left.
You didn't know any spells.
Your spell library was empty.

Dungeon Overview and Level Annotations

Branches:
Dungeon (7/15)             Temple (0/1) D:6

Altars:
Fedhas
Kikubaaqudgha
Qazlal
Ru
Wu Jian


Innate Abilities, Weirdness & Mutations

You are too large for most types of armour.
You have claws for hands.
Your metabolism is lightning-fast.
You like to eat raw meat.
You heal very quickly.
You are covered in fur. (AC +1)
You have extremely tough skin. (AC +3)
You have a pair of small horns on your head.


Message History

You scratch the orc priest but do no damage.
Your headbutt misses the orc priest.
The orc priest is heavily wounded.
You start to feel less resistant.
The orc priest mumbles some strange prayers to Beogh against you.
Pain shoots through your body! You block the adder's attack.
You claw the orc priest!
You kill the orc priest!
The Council accepts your kill. The adder misses you.
You block the adder's attack.
You see here an orc corpse.
You butcher the orc corpse.
You block the adder's attack. x2
There isn't anything to butcher here.
You barely miss the adder. Your headbutt misses the adder.
The adder bites you but does no damage.
You scratch the adder. Your headbutt misses the adder.
The adder is heavily wounded.
You have starved to death.
You die...

#.......
#...)[.#
#?.....#
###......
#.......#
#.......#
#.......##
#...>.)@<#
#......S##
.........#
##.......#
#<......+
#.......#
...#######
###


You could see an adder.

Vanquished Creatures
  Menkaure (Ossuary)
  An orc warrior (D:6)
  A black bear (D:6)
  An ogre (D:6)
  A scorpion (D:4)
  A hound (D:4)
  2 jellies (D:5)
  4 orc priests
  A centaur skeleton (D:4)
  4 orc wizards
  2 iguanas (D:6)
  Ijyb (D:3)
  A worker ant (D:6)
  3 mummies (Ossuary)
  A worker ant zombie (D:5)
  Robin (D:3)
  3 adders (D:5)
  A howler monkey skeleton (D:4)
  A shadow imp (D:6)
  A worm (D:3)
  7 leopard geckos
  11 orcs
  4 giant cockroaches
  2 gnoll zombies (Ossuary)
  13 goblins
  7 hobgoblins
  2 jackals (D:2)
  3 kobolds
  A quokka (D:5)
  4 bats
  2 frilled lizards
  A gnoll skeleton (Ossuary)
  5 goblin skeletons (Ossuary)
  2 goblin zombies (Ossuary)
  4 hobgoblin skeletons (Ossuary)
  4 hobgoblin zombies (Ossuary)
  5 kobold skeletons (Ossuary)
  5 kobold zombies (Ossuary)
  A leopard gecko zombie (D:5)
  4 orc skeletons (Ossuary)
  7 orc zombies (Ossuary)
  A quokka skeleton (D:4)
  4 rats
  4 rat skeletons (Ossuary)
  2 rat zombies (Ossuary)
  A plant (D:4)
138 creatures vanquished.

Vanquished Creatures (others)
  A goblin skeleton (Ossuary)
  A hobgoblin skeleton (Ossuary)
  A hobgoblin zombie (Ossuary)
  A kobold zombie (Ossuary)
  An orc zombie (Ossuary)
5 creatures vanquished.

Grand Total: 143 creatures vanquished

Notes
Turn   | Place    | Note
-------+----------+-------------------------------------------
     0 | D:1      | wolfsongas the Troll Fighter began the quest for the Orb.
     0 | D:1      | Reached XP level 1. HP: 22/22 MP: 0/0
   451 | D:1      | Reached XP level 2. HP: 29/29 MP: 1/1
   676 | D:2      | Found an ancient bone altar of Kikubaaqudgha.
  1589 | D:3      | Noticed Robin
  1602 | D:3      | Reached XP level 3. HP: 24/37 MP: 2/2
  1615 | D:3      | Killed Robin
  1662 | D:3      | Noticed Ijyb
  1675 | D:3      | Killed Ijyb
  1675 | D:3      | Reached skill level 3 in Unarmed Combat
  1675 | D:3      | Reached XP level 4. HP: 23/45 MP: 3/3
  2164 | D:4      | Found a blossoming altar of Fedhas.
  2166 | D:4      | Found a stormy altar of Qazlal.
  2288 | D:4      | Reached XP level 5. HP: 37/53 MP: 4/4
  2291 | D:4      | Reached skill level 1 in Stealth
  2291 | D:4      | Reached skill level 4 in Unarmed Combat
  2476 | D:4      | Reached XP level 6. HP: 55/62 MP: 5/5
  2577 | D:4      | Reached skill level 5 in Unarmed Combat
  3031 | D:5      | Entered Level 5 of the Dungeon
  3096 | D:5      | Found a sacrificial altar of Ru.
  3680 | D:6      | Gained mutation: You heal very quickly. [potion of
                  | mutation]
  3680 | D:6      | Gained mutation: You have a pair of small horns on your
                  | head. [potion of mutation]
  3703 | D:6      | Found a sand-covered staircase.
  3714 | D:6      | Reached XP level 7. HP: 70/70 MP: 6/6
  3731 | Ossuary  | Entered an ossuary
  3969 | Ossuary  | Noticed Menkaure
  3974 | Ossuary  | Killed Menkaure
  3974 | Ossuary  | Reached skill level 6 in Unarmed Combat
  4266 | D:6      | Reached skill level 7 in Unarmed Combat
  4421 | D:6      | Found an ornate altar of the Wu Jian Council.
  4445 | D:6      | Became a worshipper of the Wu Jian Council
  4769 | D:6      | Paralysed by fainting for 9 turns
  4778 | D:6      | Reached XP level 8. HP: 42/79 MP: 7/7
  4779 | D:6      | Found a staircase to the Ecumenical Temple.
  4917 | D:7      | Starved to death

Skill      XL: |  1  2  3  4  5  6  7 |
---------------+----------------------+-----
Fighting       | 3 4 |  4.7
Unarmed Combat | 3 4 5 7 |  7.8
Stealth        | 1 |  1.5
Dodging        | |  2.4
Shields        | |  2.4

Action                   |  1- 3 |  4- 6 |  7- 9 || total
-------------------------+-------+-------+-------++-------
Melee: Unarmed           |   107 |   133 |   165 ||   405
       Headbutt          |       |     1 |    26 ||    27
Invok: Lunge             |       |       |     1 ||     1
  Use: Potion            |     4 |     2 |     4 ||    10
       Scroll            |     3 |     8 |     7 ||    18
 Stab: Sleeping          |     1 |     1 |       ||     2
  Eat: Ration            |     3 |     4 |     2 ||     9
       Chunk             |     2 |     5 |     2 ||     9
Armor: Robe              |    37 |    20 |    29 ||    86
Dodge: Dodged            |    38 |    36 |    43 ||   117
Block: Shield            |    54 |    51 |    76 ||   181
